 Dungeon Sprint DCSS version 0.16-a0-3643-g096a701 (webtiles) character file.

0 BluebellGnoll the Skirmisher (level 4, 0/45 HPs)
             Began as a Minotaur Fighter on Jan 16, 2015.
             Was an Initiate of Makhleb.
             Slain by a necrophage (5 damage)
             ... in the Dungeon (Sprint VI: "Thunderdome").
             The game lasted 00:01:33 (70 turns).

BluebellGnoll the Skirmisher (Minotaur Fighter)       Turns: 70, Time: 00:01:33

Health: 0/45       AC:  5    Str: 22    XL:     4   Next: 19%
Magic:  2/2        EV:  8    Int:  3    God:    Makhleb [......]
Gold:   20         SH: 10    Dex: 11    Spells: 0 memorised, 3 levels left

rFire  . . .     SeeInvis .     a - +0 war axe
rCold  + + +     Clarity  .     b - +0 scale mail
rNeg   . . .     SustAb   .     c - +0 shield
rPois  .         Gourm    .     (helmet restricted)
rElec  +         Spirit   .     (no cloak)
rCorr  .         Warding  .     (no gloves)
rMut   .         NoTele   +     (no boots)
MR     ++...                    (no amulet)
Stlth  ..........               s - ring "Nuna" {rElec rC++ AC-2} (curse)
                                q - ring of Wefabaac {+Inv rC++ MR++ Int-2 Dex+2} (curse)

@: rotting, very resistant to hostile enchantments, extremely unstealthy
A: retaliatory headbutt, horns 2
a: Renounce Religion, Evoke Invisibility


You were in the Dungeon.
You worshipped Makhleb.
Makhleb was noncommittal.
You were not hungry.

You visited 1 branch You collected 200 gold pieces.
You spent 180 gold pieces at shops.

Inventory:

Hand weapons
 a - a +0 war axe (weapon)
Armour
 b - a +0 scale mail (worn)
 c - a +0 shield (worn)
Jewellery
 p - the amulet "Agre" {Gourm *Rage +Inv rC+}
   (You bought it in a shop in the Dungeon)

   [amulet of the gourmand]

   It allows you to eat raw meat even when not hungry.
   It protects you from cold.
   It lets you turn invisible.
   It may make you go berserk in combat.
 q - the cursed ring of Wefabaac (left hand) {+Inv rC++ MR++ Int-2 Dex+2}
   (You bought it in a shop in the Dungeon)

   [ring of intelligence]

   It affects your intelligence (-2).
   It affects your dexterity (+2).
   It greatly protects you from cold.
   It affects your resistance to hostile enchantments.
   It lets you turn invisible.
   It has a curse placed upon it.
 r - the ring of the Shining Light {+Blink +Rage rF+ rC++ MP+9 Stlth++}
   (You bought it in a shop in the Dungeon)

   [ring of magical power]

   It protects you from fire.
   It greatly protects you from cold.
   It affects your magic capacity (+9).
   It lets you blink.
   It lets you go berserk.
   It makes you much more stealthy.
 s - the cursed ring "Nuna" (right hand) {rElec rC++ AC-2}
   (You bought it in a shop in the Dungeon)

   [ring of protection]

   It affects your AC (-2).
   It greatly protects you from cold.
   It insulates you from electricity.
   It has a curse placed upon it.
Magical devices
 l - a wand of cold (5)
 m - a wand of fire (5)
Scrolls
 k - 4 scrolls of blinking
 n - 3 scrolls of fog
Potions
 e - a potion of might
 f - a potion of curing
 g - 4 potions of heal wounds
 h - 4 potions of haste
 i - 2 potions of magic
 j - a potion of berserk rage
 o - a potion of resistance
Comestibles
 d - a bread ration


   Skills:
 + Level 6.6 Fighting
 + Level 4.0 Axes
 + Level 6.4 Armour
 + Level 6.3 Shields


You had 3 spell levels left.
You didn't know any spells.

Dungeon Overview and Level Annotations

Branches:
Dungeon (1/1)

Altars:
Cheibriados
Dithmenos
Elyvilon
Fedhas
Gozag
Kikubaaqudgha
Makhleb
Nemelex Xobeh
Okawaru
Qazlal
Ru
Sif Muna
Trog
Vehumet
Xom
Yredelemnul
Zin
The Shining One
Jiyva
Lugonu

Shops:
D *[%??*?*:[(!!!!


Innate Abilities, Weirdness & Mutations

You reflexively headbutt those who attack you in melee.
You have a pair of horns on your head.


Message History

You closely miss the necrophage.
The necrophage is severely damaged.
You slash the phantom!
You destroy the phantom!
Makhleb accepts your kill.
Your Fighting skill gained 3 levels and is now at level 6!
Your Axes skill gained 2 levels and is now at level 4!
Your Armour skill gained 3 levels and is now at level 6!
Your Shields skill gained 3 levels and is now at level 6!
You have reached level 2!
You have reached level 3!
Your experience leads to an increase in your attributes!
Your base attributes are Str 20, Int 5, Dex 9.
Increase (S)trength, (I)ntelligence, or (D)exterity?
You feel stronger.
You have reached level 4!
You feel stronger.
The necrophage hits you but does no damage.
The necrophage hits you.
You die...

#_......._# #_......._#
#_......._#
###.........###
#⌠...........⌠#
######.8.........8.###
##∩__.......###......._
###∩........8.# #.8......
##.......@.....###........
#⌠.......n..###...###.....
#⌠..........# #.<.# #.....
#⌠..........###.W.###.....
##.............###........
###∩........8.# #.8......
##∩___......###......__
######.8.........8.###
#⌠...........⌠#


You could see a necrophage.

Vanquished Creatures
  A phantom (D)
1 creature vanquished.

Notes
Turn   | Place    | Note
--------------------------------------------------------------
     0 | D        | BluebellGnoll, the Minotaur Fighter, began the quest for the Orb.
     0 | D        | Reached XP level 1. HP: 19/19 MP: 1/1
     1 | D        | Found a viscous altar of Jiyva.
     1 | D        | Found a basalt altar of Yredelemnul.
     2 | D        | Found a shimmering altar of Xom.
     2 | D        | Found a sparkling altar of Nemelex Xobeh.
     3 | D        | Found a glowing golden altar of the Shining One.
     3 | D        | Found a snail-covered altar of Cheibriados.
     4 | D        | Found Zanko's Bottled Wisdom.
     4 | D        | Found Desocad's Do-It-Yourself Clinic.
     4 | D        | Found an opulent altar of Gozag.
     5 | D        | Found Schooph's Distillery.
     5 | D        | Found a glowing silver altar of Zin.
     5 | D        | Found Ripaeppasch's Distillery.
     5 | D        | Round 1.
     6 | D        | Found a white marble altar of Elyvilon.
     7 | D        | Found a sacrificial altar of Ru.
     8 | D        | Found an ancient bone altar of Kikubaaqudgha.
     9 | D        | Found Yxarinuh's Staff Store.
    10 | D        | Found a corrupted altar of Lugonu.
    10 | D        | Found Vohis' Must-Have Magic.
    11 | D        | Found a shadowy altar of Dithmenos.
    11 | D        | Found an iron altar of Okawaru.
    12 | D        | Found Efyoczucu's Magic Scroll Shop.
    12 | D        | Found Qimirph's Magic Scroll Shop.
    14 | D        | Found a bloodstained altar of Trog.
    15 | D        | Found a deep blue altar of Sif Muna.
    16 | D        | Found Pudum's Bee Food.
    17 | D        | Found Utouriek's Jewellery.
    17 | D        | Found a stormy altar of Qazlal.
    18 | D        | Found a radiant altar of Vehumet.
    18 | D        | Found a blossoming altar of Fedhas.
    19 | D        | Found Cauz's Advanced Armour.
    19 | D        | Found Fruapt's Identification Station.
    21 | D        | Found a burning altar of Makhleb.
    23 | D        | Found Narye's Premium Goods.
    24 | D        | Found Mabroygo's Miscellaneous Merchandise.
    28 | D        | Found Seacien's Basic Armour.
    30 | D        | Became a worshipper of Makhleb the Destroyer
    37 | D        | Noticed a phantom
    43 | D        | Bought a shimmering copper amulet for 45 gold pieces
    43 | D        | Bought a scintillating bronze ring for 45 gold pieces
    43 | D        | Bought a faintly glowing ivory ring for 45 gold pieces
    43 | D        | Bought a warped ivory ring for 45 gold pieces
    43 | D        | Identified the amulet "Agre" {Gourm *Rage +Inv rC+} (You bought it in a shop in the Dungeon)
    45 | D        | Identified the cursed ring of Wefabaac {+Inv rC++ MR++ Int-2 Dex+2} (You bought it in a shop in the Dungeon)
    46 | D        | Identified the ring of the Shining Light {+Blink +Rage rF+ rC++ MP+9 Stlth++} (You bought it in a shop in the Dungeon)
    48 | D        | Identified the cursed ring "Nuna" {rElec rC++ AC-2} (You bought it in a shop in the Dungeon)
    63 | D        | Noticed a necrophage
    70 | D        | Killed a phantom
    70 | D        | Reached skill level 6 in Fighting
    70 | D        | Reached XP level 2. HP: 4/31 MP: 1/1
    70 | D        | Reached XP level 3. HP: 4/38 MP: 2/2
    70 | D        | Reached XP level 4. HP: 4/45 MP: 2/2
    70 | D        | Slain by a necrophage

Action                   |  1- 3 |  4- 6 || total
-------------------------+-------+-------++-------
Melee: War axe           |    11 |       ||    11
